 Dungeon Crawl Stone Soup version 0.18-a0-1745-gffa9a88 (webtiles) character file.

27342 namelastname112 the Envoy of Void (level 13, -28/108 HPs)
             Began as a Red Draconian Abyssal Knight on Apr 11, 2016.
             Was a High Priest of Lugonu.
             Annihilated by Rupert
             ... wielding a +0 battleaxe of freezing
              (39 damage)
             ... on level 12 of the Dungeon.
             The game lasted 00:48:03 (17932 turns).

namelastname112 the Envoy of Void (DrAK)           Turns: 17932, Time: 00:48:04

Health: -28/108    AC: 14    Str: 19    XL:     13   Next: 3%
Magic:  3/21       EV: 17    Int: 13    God:    Lugonu [*****.]
Gold:   702        SH:  6    Dex: 16    Spells: 0 memorised, 12 levels left

rFire  + . .     SeeInvis .     O - +3 falchion (flame)
rCold  . . .     Gourm    +     (armour unavailable)
rNeg   . . .     Faith    .     e - +0 buckler
rPois  +         Spirit   .     l - +2 hat
rElec  .         Dismiss  .     Q - +2 cloak
rCorr  .         Reflect  .     h - +0 pair of gloves
SustAt .         Harm     .     (no boots)
MR     .....                    g - amulet of the gourmand
Stlth  +.........               P - ring of poison resistance
                                f - +3 ring of strength

@: not resistant to hostile enchantments, very unstealthy
A: breathe fire, unfitting armour, agile 1, fire resistance 1, cold-blooded, AC
+8
a: Breathe Fire, Depart the Abyss, Bend Space, Banish, Corrupt, Enter the Abyss,
Renounce Religion


You were on level 12 of the Dungeon.
You worshipped Lugonu.
Lugonu was extremely pleased with you.
You were not hungry.

You visited 1 branch of the dungeon, and saw 12 of its levels.
You visited the Abyss 1 time.
You also visited: Sewer, Ossuary and Bailey.

You collected 702 gold pieces.

Inventory:

Hand Weapons
 O - a +3 falchion of flaming (weapon)
 Y - the +10 executioner's axe "Vijytas" {antimagic, +Inv rElec rC+ MP+9}
   (You found it in a bailey)

   It disrupts the flow of magical energy around spellcasters and certain
   magical creatures (including the wielder).
   It protects you from cold.
   It insulates you from electricity.
   It affects your magic capacity (+9).
   It lets you turn invisible.
 Z - the +1 executioner's axe of Sudden Death {distort, Str+4}
   (You found it in a bailey)

   It warps and distorts space around it.
   Unwielding it can cause banishment or high damage.
   It affects your strength (+4).
Armour
 e - a +0 buckler (worn)
 h - a +0 pair of gloves (worn)
 l - a +2 hat (worn)
 Q - a +2 cloak (worn)
Jewellery
 f - a +3 ring of strength (left hand)
 g - an amulet of the gourmand (around neck)
 k - an uncursed ring of fire
 x - an uncursed ring of wizardry
 B - an uncursed ring of resist corrosion
 P - a ring of poison resistance (right hand)
Wands
 s - a wand of digging (11/24)
 F - a wand of digging (20/24)
 G - a wand of random effects (24/48)
 H - a wand of digging (1/24)
 K - a wand of digging (9/24)
 L - a wand of paralysis (10/24)
Scrolls
 c - 2 scrolls of amnesia
 d - 11 scrolls of identify
 n - 5 scrolls of remove curse
 p - 2 scrolls of fear
 q - 6 scrolls of teleportation
 y - 5 scrolls of enchant weapon
 z - 4 scrolls of enchant armour
 N - 2 scrolls of magic mapping
 V - a scroll of blinking
 W - a scroll of recharging
Potions
 a - a potion of agility
 i - 2 potions of curing
 m - 6 potions of flight
 o - a potion of cure mutation
 r - 3 potions of berserk rage
 u - 3 potions of cancellation
 w - 2 potions of haste
 A - a potion of degeneration
 E - 2 potions of brilliance
 I - a potion of ambrosia
 M - a potion of magic
 S - 2 potions of resistance
 T - a potion of heal wounds
Books
 D - a book of the Sky

   Spells                             Type                      Level
   a - Summon Lightning Spire         Summoning/Air                4
   b - Airstrike                      Air                          4
   c - Silence                        Hexes/Air                    5
   d - Deflect Missiles               Charms/Air                   6
   e - Conjure Ball Lightning         Conjuration/Air              6
   f - Tornado                        Air                          9
 J - a Young Poisoner's Handbook

   Spells                             Type                      Level
   a - Sting                          Conjuration/Poison           1
   b - Cure Poison                    Poison                       2
   c - Mephitic Cloud                 Conjuration/Poison/Air       3
   d - Olgreb's Toxic Radiance        Poison                       4
   e - Venom Bolt                     Conjuration/Poison           5
Comestibles
 b - 7 bread rations
 j - a royal jelly
 t - 21 fruits
 v - 7 meat rations
 C - 7 slices of pizza
 X - a beef jerky


   Skills:
 - Level 8.6 Fighting
 - Level 10.8 Long Blades
 + Level 8.5 Axes
 - Level 7.3 Dodging
 - Level 7.4 Shields
 - Level 11.4 Invocations


You had 12 spell levels left.
You didn't know any spells.

Dungeon Overview and Level Annotations

Branches:
Dungeon (12/15)            Temple (0/1) D:6            Lair (0/8) D:11
    Orc (0/2) D:11

Altars:
Ashenzari
Gozag
Kikubaaqudgha
Makhleb
Nemelex Xobeh
Sif Muna
Trog
Xom
Yredelemnul

Shops:
D:11 [(

Portals:
Trove: D:11 (give +8 demon trident)

Annotations:
D:12 Rupert


Innate Abilities, Weirdness & Mutations

You can breathe blasts of fire.
Your fiery red scales are hard (AC +8).
Your body does not fit into most forms of armour.
Your flesh is heat resistant.
You are cold-blooded and may be slowed by cold attacks.
You are agile. (Dex +2)


Message History

You feel slightly more hungry.
Press: ? - help, Shift-Dir - straight line, f - Rupert
Aim: Rupert, wielding a battleaxe of freezing and wearing a leather armour (translocational energy, heavily wounded, berserk, fast, unusually strong, chance to defeat MR: 25%) Rupert resists with almost no effort.
You feel somewhat more hungry.
You feel yourself speed up.
Rupert rages.
Press: ? - help, Shift-Dir - straight line, f/p - Rupert
Aim: Rupert, wielding a battleaxe of freezing and wearing a leather armour (heavily wounded, berserk, fast, unusually strong, chance to defeat MR: 25%) Rupert resists with almost no effort.
You feel somewhat more hungry.
Press: ? - help, Shift-Dir - straight line, f/p - Rupert
Aim: Rupert, wielding a battleaxe of freezing and wearing a leather armour (heavily wounded, berserk, fast, unusually strong, chance to defeat MR: 25%) Rupert resists with almost no effort.
You feel somewhat more hungry. Space bends around you!
You blink.
* * * LOW HITPOINT WARNING * * *
You feel slightly more hungry. Space bends around you!
You blink.
* * * LOW HITPOINT WARNING * * *
You feel slightly more hungry.
Rupert hits you with a battleaxe of freezing!!!
You die...

#.# #.# ####
#.# ..# #.#
#.# ####.#
#§###.##.# ##
#..@§#.#)#
#.#
#.@.###)(##.#
#
####.#.#.#.##
. #.#.§.#.# #
#......#.# #
#........# #
####.#####
### #.# #..
#.# #.# #.#
#.# ##'## #.#


You could see Rupert (berserk).

Vanquished Creatures
  A hydra (D:8)
  The ghost of Keker the Basher, a novice GrFi of Lugonu (D:10)
  A hill giant (D:11)
  The ghost of dobroeutro the Blocker, a novice GrFi (D:7)
  An orc knight (Bailey)
  Pikel (D:11)
  A moth of wrath (shapeshifter) (D:9)
  A manticore (shapeshifter) (D:11)
  Grinder (D:3)
  2 two-headed ogres (D:11)
  A hornet zombie (D:11)
  A shadow (D:11)
  A wraith (D:11)
  2 wyverns
  A hippogriff (D:10)
  A steam dragon (D:10)
  3 yaks
  3 hungry ghosts
  A water moccasin (shapeshifter) (D:9)
  18 orc warriors
  3 slaves (D:8)
  2 black bears
  2 sky beasts
  3 phantoms
  A necrophage (D:7)
  3 ice beasts
  An eye of draining (D:11)
  5 ogres
  2 crocodiles
  8 centaurs
  5 big kobolds
  6 giant frogs
  Blork the orc (D:6)
  A wyvern skeleton (D:11)
  12 scorpions
  A water moccasin skeleton (D:5)
  8 killer bees
  16 wights
  2 electric eels (D:8)
  4 howler monkeys
  4 crimson imps
  A wasp zombie (D:11)
  5 centaur zombies
  3 hounds
  6 jellies
  5 orc priests
  2 centaur skeletons
  3 human zombies (Ossuary)
  11 orc wizards
  4 iguanas
  7 worker ants
  A killer bee zombie (D:10)
  2 sheep (D:8)
  3 big kobold zombies (Ossuary)
  A hound skeleton (D:7)
  3 mummies (Ossuary)
  A howler monkey zombie (D:5)
  2 howler monkey skeletons
  15 adders
  4 gnolls (D:9)
  2 scorpion zombies (Ossuary)
  4 shadow imps
  3 oozes
  2 adder skeletons
  An adder zombie (D:9)
  A worm (D:2)
  6 giant geckos
  42 orcs
  16 bats
  6 giant cockroaches (D:4)
  2 gnoll zombies (Ossuary)
  8 goblins
  7 hobgoblins
  5 jackals
  6 quokkas
  A ball python (D:3)
  A giant cockroach zombie (D:5)
  A giant gecko zombie (D:5)
  5 giant newts
  2 goblin zombies (Ossuary)
  2 hobgoblin zombies (Ossuary)
  17 kobolds
  3 kobold zombies (Ossuary)
  3 orc zombies (Ossuary)
  A quokka skeleton (D:6)
  A quokka zombie (D:6)
  11 rats
371 creatures vanquished.

Vanquished Creatures (others)
  A hill giant (D:11)
  2 ugly things
  2 vampires
  A slave (D:8)
  An orc warrior (D:8)
  A centaur (D:9)
  2 killer bees (D:6)
  2 scorpions (Ossuary)
12 creatures vanquished.

Grand Total: 383 creatures vanquished

Notes
Turn   | Place    | Note
--------------------------------------------------------------
     0 | Abyss:1  | namelastname112 the Draconian Abyssal Knight began the quest for the Orb.
     0 | Abyss:1  | Reached XP level 1. HP: 19/19 MP: 2/2
    64 | Abyss:2  | Found a corrupted altar of Lugonu.
    74 | Abyss:2  | Noticed an apocalypse crab
    84 | Abyss:2  | Noticed a rakshasa
    87 | D:1      | Escaped the Abyss
   479 | D:1      | Reached * piety under Lugonu
   614 | D:1      | Reached XP level 2. HP: 23/26 MP: 3/3
  1135 | D:2      | Reached XP level 3. HP: 28/31 MP: 3/5
  1208 | D:2      | crauler: отправили в абисс, решил стать абисситом?
  1325 | D:2      | namelastname112: нет
  1325 | D:2      | namelastname112: решил получить но девайс хил 2 и сдохнуть
  1656 | D:2      | Reached skill level 1 in Shields
  1925 | D:2      | Reached XP level 4. HP: 38/38 MP: 6/6
  1989 | D:2      | Found a deep blue altar of Sif Muna.
  2148 | D:2      | Reached ** piety under Lugonu
  2148 | D:2      | Reached skill level 3 in Invocations
  2356 | D:3      | Noticed Grinder
  2373 | D:3      | Paralysed by Grinder for 2 turns
  2379 | D:3      | Paralysed by Grinder for 5 turns
  2394 | D:3      | Killed Grinder
  2394 | D:3      | Reached XP level 5. HP: 35/46 MP: 7/7
  2394 | D:3      | Reached XP level 6. HP: 40/52 MP: 8/8
  2470 | D:3      | Found an ancient bone altar of Kikubaaqudgha.
  2593 | D:3      | Reached skill level 4 in Invocations
  2701 | D:3      | Found a basalt altar of Yredelemnul.
  3019 | D:4      | Found a glowing drain.
  3052 | Sewer    | Entered a sewer
  3054 | Sewer    | Reached *** piety under Lugonu
  4390 | D:4      | Noticed an ice beast
  4413 | D:4      | Killed an ice beast
  4413 | D:4      | Your scales start taking on a fiery red colour.
  4413 | D:4      | Reached XP level 7. HP: 52/60 MP: 10/10
  4413 | D:4      | Gained mutation: Your flesh is heat resistant. [Red Draconian growth]
  4459 | D:5      | Entered Level 5 of the Dungeon
  4483 | D:5      | Reached skill level 5 in Long Blades
  4603 | D:5      | Reached skill level 5 in Invocations
  4987 | D:5      | Found a burning altar of Makhleb.
  5299 | D:6      | Reached skill level 5 in Fighting
  5299 | D:6      | Reached XP level 8. HP: 54/68 MP: 12/12
  5303 | D:6      | Found a bloodstained altar of Trog.
  5579 | D:6      | Reached skill level 6 in Invocations
  6196 | D:6      | Found a staircase to the Ecumenical Temple.
  6413 | D:6      | Found a shattered altar of Ashenzari.
  6466 | D:6      | Found a shimmering altar of Xom.
  6674 | D:6      | Found a sparkling altar of Nemelex Xobeh.
  6674 | D:6      | Found an opulent altar of Gozag.
  6810 | D:6      | Noticed Blork the orc
  6823 | D:6      | Killed Blork the orc
  6849 | D:6      | Gained mutation: You are occasionally teleported next to monsters. [mutagenic meat]
  6850 | D:6      | Gained mutation: You are weak. (Str -2) [mutagenic meat]
  6851 | D:6      | Gained mutation: You are clumsy. (Dex -2) [mutagenic meat]
  7120 | D:7      | Reached XP level 9. HP: 72/75 MP: 14/14
  7332 | D:7      | Reached skill level 7 in Invocations
  7500 | D:7      | Noticed dobroeutro's ghost (novice GrFi)
  7529 | D:7      | Killed dobroeutro's ghost
  7529 | D:7      | Reached skill level 5 in Dodging
  8197 | D:8      | Found a sand-covered staircase.
  8205 | Ossuary  | Entered an ossuary
  8582 | Ossuary  | Reached **** piety under Lugonu
  8906 | Ossuary  | Reached skill level 5 in Shields
  8922 | Ossuary  | Reached skill level 8 in Invocations
  9354 | D:8      | Noticed Pikel
  9843 | D:8      | Reached XP level 10. HP: 35/84 MP: 16/16
 10077 | D:8      | Noticed a three-headed hydra
 10084 | D:8      | Killed a one-headed hydra
 11419 | D:9      | Reached skill level 9 in Invocations
 11544 | D:9      | Found a shimmering altar of Xom.
 11545 | D:9      | Found a shimmering altar of Xom.
 11546 | D:9      | Found a shimmering altar of Xom.
 11546 | D:9      | Found a shimmering altar of Xom.
 11546 | D:9      | Found a shimmering altar of Xom.
 11546 | D:9      | Found a shimmering altar of Xom.
 11548 | D:9      | Found a shimmering altar of Xom.
 11973 | D:9      | Noticed a moth of wrath
 11973 | D:9      | a wind drake changed into a moth of wrath
 11988 | D:9      | Killed a moth of wrath
 12020 | D:9      | Gained mutation: You are somewhat resistant to further mutation. [mutagenic meat]
 12022 | D:9      | Gained mutation: You have supernaturally acute eyesight. [mutagenic meat]
 12339 | D:9      | Lost mutation: You are clumsy. (Dex -2) [potion of cure mutation]
 12339 | D:9      | Lost mutation: You are weak. (Str -2) [potion of cure mutation]
 12339 | D:9      | Lost mutation: You are somewhat resistant to further mutation. [potion of cure mutation]
 12339 | D:9      | Lost mutation: You have supernaturally acute eyesight. [potion of cure mutation]
 12340 | D:9      | Lost mutation: You are occasionally teleported next to monsters. [potion of cure mutation]
 12341 | D:9      | Gained mutation: You are agile. (Dex +2) [potion of beneficial mutation]
 12550 | D:10     | Entered Level 10 of the Dungeon
 13078 | D:10     | Noticed Keker's ghost (novice GrFi)
 13091 | D:10     | Killed Keker's ghost
 13437 | D:10     | Reached XP level 11. HP: 93/93 MP: 18/18
 13678 | D:10     | Goblin1989: у того дракончика дыхание получше чем у моего будет, однако
 13906 | D:11     | Found Leuhiky's Armour Shoppe.
 13907 | D:11     | Found a staircase to the Orcish Mines.
 13919 | D:11     | Reached skill level 10 in Invocations
 13988 | D:11     | Found Peennos's Weapon Shoppe.
 14096 | D:11     | Noticed a hill giant
 14103 | D:11     | Reached ***** piety under Lugonu
 14103 | D:11     | Banished a hill giant
 14419 | D:11     | Found a portal to a secret trove of treasure.
 14434 | D:11     | namelastname112: бля
 14434 | D:11     | namelastname112: охуевшая трова
 14471 | D:11     | Found a staircase to the Lair.
 14490 | D:11     | Goblin1989: ну да
 14528 | D:11     | Noticed a hill giant
 14551 | D:11     | Killed a hill giant
 14551 | D:11     | Reached skill level 10 in Long Blades
 14647 | D:11     | Goblin1989: у меня требует 20 хил поушенов
 14677 | D:11     | Killed Pikel
 14703 | D:11     | Goblin1989: я никогда столько не соберу
 16005 | D:11     | Reached skill level 11 in Invocations
 16428 | D:11     | Noticed a cyan ugly thing
 16432 | D:11     | Banished a cyan ugly thing
 16655 | D:12     | Found a flagged portal.
 16655 | D:12     | Noticed a purple ugly thing
 16657 | D:12     | Banished a purple ugly thing
 16671 | Bailey   | Entered a bailey
 17320 | Bailey   | crauler: в баню могешь?
 17393 | Bailey   | Got a scorched executioner's axe
 17394 | Bailey   | namelastname112: а то
 17394 | Bailey   | Noticed an orc knight
 17400 | Bailey   | crauler: лол
 17405 | Bailey   | crauler: два
 17477 | Bailey   | Killed an orc knight
 17551 | Bailey   | Reached XP level 12. HP: 61/103 MP: 20/20
 17753 | Bailey   | Got an encrusted executioner's axe
 17763 | Bailey   | crauler: перекачиваться тебе в топоры поход
 17763 | Bailey   | Identified the +10 executioner's axe "Vijytas" {antimagic, +Inv rElec rC+ MP+9} (You found it in a bailey)
 17764 | Bailey   | Identified the cursed +1 executioner's axe of Sudden Death {distort, Str+4} (You found it in a bailey)
 17769 | Bailey   | namelastname112: бля
 17769 | Bailey   | namelastname112: нихуевский топор-то
 17838 | D:12     | Reached XP level 13. HP: 108/108 MP: 21/21
 17904 | D:12     | Noticed Rupert
 17932 | D:12     | Annihilated by Rupert

Vault maps used:
D:1:      dpeg_arrival_signposts
D:2:      lemuel_blue_sif_altar, minmay_misc_feat_x, solitary_fountain
D:3:      yredelemnul_altar_generic, kiku_gazebo_garden_becter, first_bread,
          uniq_grinder
D:4:      portal_sewer_entry_a
D:5:      kennysheep_mini
D:6:      grunt_temple_overflow_opulence, old_standard_altar,
          lemuel_coloured_pillars_altar, bloody_trog, temple_fountains,
          serial_bayou_pond_d, minmay_misc_feat_four_crosses, uniq_blork_the_orc
D:8:      lightli_ossuary_entry_decrepit_ruins, hangedman_ranch,
          minmay_tree_intersection, nicolae_wwwww, serial_bayou_pond_b,
          uniq_pikel
D:9:      xom_shifter_show
D:11:     minmay_quarter_circles, lair_0_dummy, orc_david_3,
          nicolae_trove_entry_free_sample
D:12:     enter_bailey_3, stair_cage_cross, uniq_nessos, uniq_rupert
Sewer:    sewer_big_baddie
Ossuary:  ossuary_minmay_scorpions
Bailey:   bailey_polearm_2, bailey

Skill      XL: |  1  2  3  4  5  6  7  8  9 10 11 12 |
---------------+-------------------------------------+-----
Long Blades    | 3 4 5 6 8 9 10 | 10.8
Shields        | 1 2 3 4 5 6 7 |  7.4
Invocations    | 3 4 5 6 8 9 11 | 11.4
Fighting       | 4 5 6 7 8 |  8.6
Dodging        | 3 4 5 6 7 |  7.3
Axes           | 8 |  8.5

Action                   |  1- 3 |  4- 6 |  7- 9 | 10-12 | 13-15 || total
-------------------------+-------+-------+-------+-------+-------++-------
Melee: Falchion          |   129 |   214 |   681 |   766 |    46 ||  1836
Invok: Depart the Abyss  |     1 |       |       |       |       ||     1
       Banish            |       |       |     7 |     6 |     3 ||    16
       Bend Space        |       |       |       |     1 |     8 ||     9
 Abil: Breathe Fire      |       |       |    12 |    25 |       ||    37
Evoke: Wand              |       |       |       |     5 |       ||     5
  Use: Potion            |       |     5 |     2 |     6 |       ||    13
       Scroll            |       |       |       |    21 |       ||    21
 Stab: Sleeping          |       |       |       |     2 |       ||     2
       Distracted        |       |       |       |     1 |       ||     1
  Eat: Chunk             |     4 |     7 |    36 |    39 |       ||    86
